 Dungeon Crawl Stone Soup version 0.29.1-13-g9f3cf754e1 (webtiles) character file.

Game seed: 3550802831227447945

184 Hrothgar the Covert (level 5, 0/43 HPs)
             Began as a Gnoll Brigand on Feb 2, 2023.
             Was a High Priest of Ignis.
             Slain by a gnoll
             ... wielding a +0 flail
              (7 damage)
             ... on level 3 of the Dungeon.
             The game lasted 00:03:29 (1008 turns).

Hrothgar the Covert (Gnoll Brigand)                 Turns: 1008, Time: 00:03:30

Health: 0/43       AC: 10    Str: 12    XL:     5   Next: 63%
Magic:  7/7        EV: 13    Int: 11    God:    Ignis [*****.]
Gold:   97         SH:  0    Dex: 13    Spells: 7/7 levels left

rFire   + . .      SeeInvis .   a - +2 dagger
rCold   . . .      Faith    .   (no shield)
rNeg    . . .      Spirit   .   b - +0 robe
rPois   .          Reflect  .   (no helmet)
rElec   .          Harm     .   c - +0 cloak
rCorr   .          Rampage  .   (no gloves)
Will    .....                   (no boots)
Stlth   ++++......              (no amulet)
HPRegen 0.14/turn               (no ring)
MPRegen 0.10/turn               (no ring)

@: fiery-armoured, invisible
A: fangs 1, strong nose, distributed training
a: Renounce Religion, Fiery Armour, Foxfire Swarm, Rising Flame


You were on level 3 of the Dungeon.
You worshipped Ignis.
Ignis was extremely pleased with you.
You visited 1 branch of the dungeon, and saw 3 of its levels.

You collected 97 gold pieces.

Inventory:

Hand Weapons
 a - a +2 dagger (weapon)
Missiles
 d - 9 poisoned darts (quivered)
 e - 2 curare-tipped darts
Armour
 b - a +0 robe (worn)
 c - a +0 cloak (worn)


   Skills:
 + Level 4.8 Fighting
 + Level 4.8 Short Blades
 + Level 1.6 Long Blades
 + Level 1.6 Axes
 + Level 1.6 Maces & Flails
 + Level 1.6 Polearms
 + Level 1.6 Staves
 + Level 1.6 Ranged Weapons
 + Level 4.8 Throwing
 + Level 1.6 Armour
 + Level 3.1 Dodging
 + Level 8.0 Stealth
 + Level 1.6 Shields
 + Level 1.6 Unarmed Combat
 + Level 1.6 Spellcasting
 + Level 1.3 Conjurations
 + Level 1.3 Hexes
 + Level 1.3 Summonings
 + Level 1.3 Necromancy
 + Level 1.3 Translocations
 + Level 1.3 Transmutations
 + Level 1.3 Fire Magic
 + Level 1.3 Ice Magic
 + Level 1.3 Air Magic
 + Level 1.3 Earth Magic
 + Level 1.3 Poison Magic
 + Level 1.9 Invocations
 + Level 1.6 Evocations


You had 7 spell levels left.
You didn't know any spells.
Your spell library was empty.

Dungeon Overview and Level Annotations

Branches:
Dungeon (3/15)

Altars:
Ignis


Innate Abilities, Weirdness & Mutations

You have very sharp teeth.
Your uncanny sense of smell can sniff out nearby items.
Your experience applies equally to all skills.


Message History

The gnoll shouts!
The gnoll attacks as you move away! The gnoll barely misses you.
A giant cockroach comes into view.
The gnoll attacks as you move away! The gnoll barely misses you.
Found 13 gold pieces.
The gnoll misses you. The gnoll attacks as you move away!
The gnoll closely misses you. The gnoll attacks as you move away!
The gnoll closely misses you. The gnoll attacks as you move away!
The gnoll hits you with a +0 club.
* * * LOW HITPOINT WARNING * * *
The gnoll attacks as you move away! The gnoll hits you with a +0 flail.
* * * LOW HITPOINT WARNING * * *
A protective cloak of flame settles atop you.
The gnoll closely misses you. The gnoll barely misses you.
You closely miss the gnoll. The gnoll misses you.
The gnoll hits you but does no damage.
The gnoll is burned by your cloak of flames.
The gnoll is heavily wounded.
You hit the gnoll.
The gnoll is lightly wounded.
The gnoll barely misses you.
You completely miss the gnoll. Your bite misses the gnoll.
The gnoll is lightly wounded.
Unknown command.
The gnoll barely misses you. The gnoll attacks as you move away!
The gnoll hits you with a +0 flail.
* * * LOW HITPOINT WARNING * * *
The gnoll is burned by your cloak of flames.
The gnoll is lightly wounded.
The gnoll attacks as you move away! The gnoll barely misses you.
The gnoll attacks as you move away! The gnoll misses you.
The gnoll attacks as you move away! The gnoll misses you.
The gnoll attacks as you move away! The gnoll hits you with a +0 flail.
* * * LOW HITPOINT WARNING * * *
The gnoll is burned by your cloak of flames.
The gnoll is moderately wounded.
It was a potion of invisibility.
You fade into invisibility!
The gnoll hits you with a +0 flail!
You die...

#..$..............
######.
#...............K.
#.....#
+..$.............
#.....#
#...$...........
#.....#
#..........#...
#.....#
#.......#####.
.#.....#
#....g..$#
.#.....#
##+##gg.##
.+.....#### #@###
##...............#
..........###.##..
#.......... # ####
...##.#.... ...#
.#.... ...# .# ...
...# .# .. ......


You could see 3 gnolls.

Vanquished Creatures
  Sigmund (D:2)
  A gnoll (D:3)
  A ball python (D:1)
  A bat (D:2)
  2 endoplasms (D:1)
  A goblin (D:1)
  3 hobgoblins
  4 jackals (D:1)
  2 kobolds
  A quokka (D:1)
  4 rats (D:1)
21 creatures vanquished.

Vanquished Creatures (others)
  4 plants (D:1)
4 creatures vanquished.

Grand Total: 25 creatures vanquished

Notes
Turn   | Place    | Note
-------+----------+-------------------------------------------
     0 | D:1      | Hrothgar the Gnoll Brigand began the quest for the Orb.
     0 | D:1      | Reached XP level 1. HP: 20/20 MP: 1/1
    46 | D:1      | Reached XP level 2. HP: 12/26 MP: 2/2
   610 | D:2      | Noticed Sigmund
   730 | D:1      | Found a faded altar of an unknown god.
   749 | D:1      | Prayed at the altar of an unknown god.
   749 | D:1      | Became a worshipper of Ignis, the Dying Flame
   798 | D:2      | Killed Sigmund
   799 | D:2      | Reached skill level 1 in Long Blades
   799 | D:2      | Reached skill level 1 in Axes
   799 | D:2      | Reached skill level 1 in Maces & Flails
   799 | D:2      | Reached skill level 1 in Polearms
   799 | D:2      | Reached skill level 1 in Staves
   799 | D:2      | Reached skill level 1 in Ranged Weapons
   799 | D:2      | Reached skill level 1 in Armour
   799 | D:2      | Reached skill level 1 in Shields
   799 | D:2      | Reached skill level 1 in Unarmed Combat
   799 | D:2      | Reached skill level 1 in Spellcasting
   799 | D:2      | Reached skill level 1 in Conjurations
   799 | D:2      | Reached skill level 1 in Hexes
   799 | D:2      | Reached skill level 1 in Summonings
   799 | D:2      | Reached skill level 1 in Necromancy
   799 | D:2      | Reached skill level 1 in Translocations
   799 | D:2      | Reached skill level 1 in Transmutations
   799 | D:2      | Reached skill level 1 in Fire Magic
   799 | D:2      | Reached skill level 1 in Ice Magic
   799 | D:2      | Reached skill level 1 in Air Magic
   799 | D:2      | Reached skill level 1 in Earth Magic
   799 | D:2      | Reached skill level 1 in Poison Magic
   799 | D:2      | Reached skill level 1 in Invocations
   799 | D:2      | Reached skill level 1 in Evocations
   799 | D:2      | Reached XP level 3. HP: 25/32 MP: 2/5
   799 | D:2      | Reached XP level 4. HP: 30/38 MP: 2/6
   799 | D:2      | Reached XP level 5. HP: 34/43 MP: 2/7
   968 | D:3      | Reached skill level 8 in Stealth
  1008 | D:3      | Slain by a gnoll

Illustrated notes

Levels and vault maps discovered:
D:1:      grunt_arrival_lava_bath, layout_basic,
          shapermc_ecumenical_altar_pompeii, serial_bayou_pond_d,
          minmay_misc_feat_tower, serial_bayou_lake_a
D:2:      layout_rooms, serial_shops, shop, lightli_corner_chamber, uniq_sigmund
D:3:      layout_basic, grunt_temple_overflow_diamond, portal_sewer_entry_b

Skill      XL: |  1  2  3  4  5 |
---------------+----------------+-----
Long Blades    | 1 |  1.6
Axes           | 1 |  1.6
Maces & Flails | 1 |  1.6
Polearms       | 1 |  1.6
Staves         | 1 |  1.6
Ranged Weapons | 1 |  1.6
Armour         | 1 |  1.6
Dodging        | 3 |  3.1
Shields        | 1 |  1.6
Unarmed Combat | 1 |  1.6
Spellcasting   | 1 |  1.6
Conjurations   | 1 |  1.3
Hexes          | 1 |  1.3
Summonings     | 1 |  1.3
Necromancy     | 1 |  1.3
Translocations | 1 |  1.3
Transmutations | 1 |  1.3
Fire Magic     | 1 |  1.3
Ice Magic      | 1 |  1.3
Air Magic      | 1 |  1.3
Earth Magic    | 1 |  1.3
Poison Magic   | 1 |  1.3
Invocations    | 1 |  1.9
Evocations     | 1 |  1.6
Stealth        | 8 |  8.0
Fighting       | |  4.8
Short Blades   | |  4.8
Throwing       | |  4.8

Action                   |  1- 3 |  4- 6 || total
-------------------------+-------+-------++-------
Melee: Dagger            |    41 |    11 ||    52
       Punch             |     1 |       ||     1
       Bite              |     2 |       ||     2
Throw: Dart              |     2 |     2 ||     4
Invok: Fiery Armour      |     1 |     1 ||     2
  Use: Potion            |     1 |     1 ||     2
       Scroll            |       |     1 ||     1
 Stab: Sleeping          |     6 |     2 ||     8
Armor: Robe              |     9 |     3 ||    12
Dodge: Dodged            |    22 |    19 ||    41
